 Dungeon Crawl Stone Soup version 0.27-a0-604-g29a88b33a7 (webtiles) character file.

Game seed: 1545279850144116588

98 EnegeticOcto the Twirler (level 5, -7/36 HPs)
             Began as a Halfling Gladiator on Mar 12, 2021.
             Mangled by Edmund
             ... wielding a +3 dire flail of protection
              (12 damage)
             ... on level 4 of the Dungeon.
             The game lasted 00:03:18 (687 turns).

EnegeticOcto the Twirler (Halfling Gladiator)        Turns: 687, Time: 00:03:18

Health: -7/36      AC:  5    Str: 21    XL:     5   Next: 1%
Magic:  5/5        EV: 15    Int:  7    God:
Gold:   67         SH:  0    Dex: 16    Spells: 4/4 levels left

rFire    . . .     SeeInvis .   a - +0 quarterstaff
rCold    . . .     Faith    .   (shield currently unavailable)
rNeg     . . .     Spirit   .   b - +0 leather armour
rPois    .         Reflect  .   c - +0 helmet
rElec    .         Harm     .   (no cloak)
rCorr    .         Rampage  .   h - +0 pair of gloves
Will     .....                  (no boots)
Stlth    +.........             (no amulet)
HPRegen  0.12/turn              j - +6 ring of strength
MPRegen  0.09/turn              (no ring)

@: no status effects
A: small, mutation resistance 1
a: no special abilities


You were on level 4 of the Dungeon.
You visited 1 branch of the dungeon, and saw 5 of its levels.

You collected 67 gold pieces.

Inventory:

Hand Weapons
 a - a +0 quarterstaff (weapon)
Armour
 b - a +0 leather armour (worn)
 c - a +0 helmet (worn)
 h - a +0 pair of gloves (worn)
   (You found it on level 3 of the Dungeon)
Jewellery
 j - a +6 ring of strength (right hand)
   (You found it on level 3 of the Dungeon)
Scrolls
 l - a scroll of blinking {unknown}
Potions
 e - a potion of magic
 f - 2 potions of curing {unknown}
 g - 2 potions of lignification {unknown}
 i - 2 potions of degeneration {unknown}
 k - a potion of ambrosia {unknown}


   Skills:
 + Level 2.8 Fighting
 * Level 3.8 Staves
 - Level 2.0 Throwing
 - Level 3.2 Dodging


You had 4 spell levels left.
You didn't know any spells.
Your spell library was empty.

Dungeon Overview and Level Annotations

Branches:
Dungeon (5/15)
 Temple: D:4-7

Altars:
Xom

Portals:
Sewer: D:3

Annotations:
D:4 Edmund
D:5 Grinder


Innate Abilities, Weirdness & Mutations

You are small and have problems with some larger weapons.
You are somewhat resistant to further mutation.


Message History

There is a stone staircase leading up here.
Found a metallic black potion.
g - 2 metallic black potions (gained 1)
Found a leather armour.
You hear the hiss of a distant avalanche of sand.
Found 13 gold pieces.
A giant cockroach comes into view.
Edmund the Younger comes into view.
He is wielding a +3 dire flail of protection.
You closely miss the giant cockroach. The giant cockroach barely misses you.
The giant cockroach bites you but does no damage.
You hit the giant cockroach.
The giant cockroach is almost dead.
The giant cockroach bites you but does no damage.
You closely miss the giant cockroach.
The giant cockroach is almost dead.
The giant cockroach bites you. The giant cockroach misses you.
You sock the giant cockroach!
You kill the giant cockroach!
No target in view!
Edmund shouts!
You see here 13 gold pieces.
You now have 67 gold pieces (gained 13).
Throw: 3 throwing nets {!f}
Press: ? - help, Q - select action Shift-Dir - straight line, f - Edmund
Aim: Edmund, wielding a +3 dire flail of protection and wearing a +3 chain mail (69% to hit)
You throw a throwing net {!f}. The throwing net {!f} hits Edmund.
Edmund is caught in the net!
Edmund struggles against the net.
You catch the helpless Edmund completely off-guard!
You hit Edmund.
Edmund is lightly wounded.
Edmund struggles against the net.
You hit Edmund.
Edmund is lightly wounded.
Edmund struggles against the net.
You catch the helpless Edmund completely off-guard!
You hit Edmund but do no damage.
Edmund is lightly wounded.
Edmund struggles against the net.
The net rips apart, and Edmund comes free!
You closely miss Edmund.
Edmund is lightly wounded.
Edmund hits you but does no damage.
You sock Edmund!
Edmund is lightly wounded.
Edmund hits you with a +3 dire flail of protection!
Throw: 2 throwing nets {!f}
Press: ? - help, Q - select action Shift-Dir - straight line, f/p - Edmund
Aim: Edmund, wielding a +3 dire flail of protection and wearing a +3 chain mail (lightly wounded, 69% to hit)
You throw a throwing net {!f}.
The throwing net {!f} closely misses Edmund.
Edmund closely misses you.
Throw: throwing net {!f}
Press: ? - help, Q - select action Shift-Dir - straight line, f/p - Edmund
Aim: Edmund, wielding a +3 dire flail of protection and wearing a +3 chain mail (lightly wounded, 69% to hit)
You throw a throwing net {!f}.
The throwing net {!f} barely misses Edmund.
Edmund misses you.
You are too injured to fight recklessly!
You are too injured to fight recklessly!
You are too injured to fight recklessly!
You are too injured to fight recklessly!
You barely miss Edmund.
Edmund is lightly wounded.
Edmund completely misses you.
You closely miss Edmund.
Edmund is lightly wounded.
Edmund completely misses you.
You completely miss Edmund.
Edmund is lightly wounded.
Edmund closely misses you.
You hit Edmund.
Edmund is moderately wounded.
Edmund says, "What use are spells, anyway?"
Edmund closely misses you.
You barely miss Edmund.
Edmund is moderately wounded.
Edmund barely misses you.
You closely miss Edmund.
Edmund is moderately wounded.
Edmund barely misses you.
You hit Edmund but do no damage.
Edmund is moderately wounded.
Edmund barely misses you.
You hit Edmund.
Edmund is heavily wounded.
Edmund hits you with a +3 dire flail of protection!
* * * LOW HITPOINT WARNING * * *
You hit Edmund but do no damage.
Edmund is heavily wounded.
Edmund barely misses you.
You barely miss Edmund.
Edmund is heavily wounded.
Edmund hits you with a +3 dire flail of protection.
* * * LOW HITPOINT WARNING * * *
You hit Edmund but do no damage.
Edmund is heavily wounded.
You hear the hiss of a distant avalanche of sand.
Edmund hits you with a +3 dire flail of protection!
You die...

#....# ###....#
##.#....# ###
##..#....# ...##
##........#......
#................
#.....#..........
#................
##....@@.....(...
##..............
##.............
##............
#......#..###
.......##.#
#......## .#
#......#


You could see Edmund.

Vanquished Creatures
  A scorpion (D:4)
  2 adders
  An ooze (D:2)
  2 worms
  A leopard gecko (D:2)
  2 bats (D:2)
  2 giant cockroaches
  2 goblins (D:2)
  A hobgoblin (D:2)
  4 jackals (D:3)
  2 frilled lizards
  A kobold (D:2)
  4 rats (D:3)
25 creatures vanquished.

Notes
Turn   | Place    | Note
-------+----------+-------------------------------------------
     0 | D:1      | EnegeticOcto the Halfling Gladiator began the quest for the
                  | Orb.
     0 | D:1      | Reached XP level 1. HP: 14/14 MP: 1/1
   137 | D:2      | Reached skill level 2 in Fighting
   137 | D:2      | Reached XP level 2. HP: 4/19 MP: 2/2
   183 | D:2      | Reached skill level 3 in Staves
   321 | D:2      | Reached XP level 3. HP: 18/24 MP: 3/3
   377 | D:3      | Found a glowing drain.
   389 | D:3      | Found a shimmering altar of Xom.
   430 | D:4      | Noticed a scorpion
   437 | D:4      | Killed a scorpion
   438 | D:4      | Reached XP level 4. HP: 8/30 MP: 4/4
   465 | D:5      | Entered Level 5 of the Dungeon
   465 | D:5      | Noticed Grinder
   545 | D:3      | Reached XP level 5. HP: 13/36 MP: 5/5
   646 | D:4      | Noticed Edmund
   687 | D:4      | Mangled by Edmund

Illustrated notes

Levels and vault maps discovered:
D:1:      minmay_arrival_stair_chambers, layout_rooms
D:2:      layout_loops_ring, grunt_dithmenos_smoke_and_mirrors, uniq_sigmund,
          uniq_terence
D:3:      layout_loops_ring, portal_sewer_entry_c, kennysheep_path_1,
          lemuel_tele_altar
D:4:      layout_cave_pods, enter_ossuary_5, uniq_crazy_yiuf_cottage,
          uniq_edmund
D:5:      layout_layer_cave, uniq_duvessa, uniq_grinder

Skill      XL: |  1  2 |
---------------+-------+-----
Fighting       | 2 |  2.8
Staves         | 3 |  3.8
Throwing       | |  2.0
Dodging        | |  3.2

Action                   |  1- 3 |  4- 6 || total
-------------------------+-------+-------++-------
Melee: Quarterstaff      |    67 |    38 ||   105
Throw: Throwing net      |       |     3 ||     3
  Use: Scroll            |       |     1 ||     1
 Stab: Sleeping          |     1 |       ||     1
       Held in net/web   |       |     2 ||     2
Armor: Leather armour    |    11 |     5 ||    16
Dodge: Dodged            |    49 |    39 ||    88

Table legend: (Time is in decaauts)
 A = Elapsed time spent in this place.
 B = Non-inter-level travel time spent in this place.
 C = Inter-level travel time spent in this place.
 D = Time resting spent in this place.
 E = Time spent auto-exploring this place.
 F = Levels seen in this place.
 G = Mean time per level.
                   A        B        C        D        E       F      G
               +--------+--------+--------+--------+--------+-----+--------+
         Total |    764 |    759 |      5 |      0 |      0 |   5 |  152.8 |
       Dungeon |    764 |    759 |      5 |      0 |      0 |   5 |  152.8 |
               +--------+--------+--------+--------+--------+-----+--------+

Top non-repeatable levels by time:
     D:2: 364 daAuts
     D:3: 163 daAuts
     D:4: 156 daAuts
     D:1: 79 daAuts
     D:5: 1 daAuts
